 Dungeon Crawl Stone Soup version 0.27.1-3-gb3d3a73c9e (webtiles) character file.

Game seed: 17539471369873306199

23 curiousnu the Chopper (level 2, -1/23 HPs)
             Began as a Demonspawn Gladiator on Oct 19, 2021.
             Slain by Natasha (6 damage)
             ... on level 2 of the Dungeon.
             The game lasted 00:02:26 (902 turns).

curiousnu the Chopper (Demonspawn Gladiator)         Turns: 902, Time: 00:02:27

Health: -1/23      AC:  3    Str: 14    XL:     2   Next: 72%
Magic:  2/2        EV: 12    Int:  9    God:
Gold:   12         SH:  0    Dex: 14    Spells: 1/1 levels left

rFire    . . .     SeeInvis .   a - +0 war axe
rCold    . . .     Faith    .   (no shield)
rNeg     . . .     Spirit   .   b - +0 leather armour
rPois    .         Reflect  .   (helmet restricted)
rElec    .         Harm     .   (no cloak)
rCorr    .         Rampage  .   (no gloves)
Will     .....                  (no boots)
Stlth    +.........             h - amulet of the acrobat
HPRegen  0.07/turn              (no ring)
MPRegen  0.08/turn              (no ring)

@: brilliant
A: horns 1
a: no special abilities


You were on level 2 of the Dungeon.
You visited 1 branch of the dungeon, and saw 2 of its levels.

You collected 12 gold pieces.

Inventory:

Hand Weapons
 a - a +0 war axe (weapon)
Missiles
 d - 3 throwing nets (quivered)
Armour
 b - a +0 leather armour (worn)
 c - a +0 helmet
Jewellery
 h - an amulet of the acrobat (around neck)
Scrolls
 e - a scroll of vulnerability {unknown}
 f - a scroll of fog {unknown}
 i - a scroll of identify {unknown}


   Skills:
 * Level 2.4 Fighting
 + Level 3.2 Axes
 + Level 1.9 Throwing
 + Level 0.4 Armour
 - Level 2.6 Dodging


You had one spell level left.
You didn't know any spells.
Your spell library was empty.

Dungeon Overview and Level Annotations

Branches:
Dungeon (2/15)

Altars:

Shops:
D:1 *

Annotations:
D:2 Natasha, Robin


Innate Abilities, Weirdness & Mutations

You have a pair of small horns on your head.


Message History

You slash the dart slug!
You kill the dart slug!
An adder comes into view.
Found a stone staircase leading down.
You see here a dart slug corpse.
You hit the rat.
You kill the rat!
The adder hisses angrily.
Natasha, Servant of Life and Death comes into view.
Natasha hisses angrily.
You hear an angry hiss.
Natasha stares at you and mumbles some strange words.
You resist with significant effort.
A frilled lizard comes into view.
You hear a shout!
A goblin comes into view. It is wielding a +0 club.
The goblin shouts!
The adder completely misses you.
You closely miss the adder. Your headbutt misses the adder.
The adder bites you but does no damage.
You barely miss the adder. The adder barely misses you.
The adder bites you but does no damage.
A goblin comes into view. It is wielding a +0 dagger.
The goblin shouts!
You slash Natasha!
Natasha is severely wounded.
You hit the adder but do no damage. Natasha claws you.
The adder closely misses you. Natasha claws you!
The adder bites you but does no damage.
You hit Natasha. You headbutt Natasha, but do no damage.
Natasha is almost dead.
You closely miss the frilled lizard. You slash the adder!
A hobgoblin comes into view.
The frilled lizard bites you. The adder barely misses you. Natasha claws you!
* * * LOW HITPOINT WARNING * * *
The adder misses you. The frilled lizard closely misses you.
It was a potion of brilliance.
You feel clever all of a sudden.
The hobgoblin shouts!
Natasha claws you.
You die...

## .
......g.....
g#
...#......
g# .....>..
. .#
##.....g# .#
# #.
.....##.#
##..#.g.....
#...#lSh.#
....
#...@..#
....
#.#...##
.... #...†.#
...
#....##.## .
.. ....# #<#
.. . ....
#.# ... ...
..# .. ...#
$...#


You could see Natasha, an adder, a hobgoblin, 2 goblins and a frilled lizard.

Vanquished Creatures
  3 dart slugs
  2 bats (D:1)
  3 goblins (D:1)
  2 hobgoblins (D:1)
  2 jackals (D:1)
  2 kobolds (D:1)
  A rat (D:2)
15 creatures vanquished.

Notes
Turn   | Place    | Note
-------+----------+-------------------------------------------
     0 | D:1      | curiousnu the Demonspawn Gladiator began the quest for the
                  | Orb.
     0 | D:1      | Reached XP level 1. HP: 16/16 MP: 1/1
    98 | D:1      | Found Xineil's Assorted Antiques.
   308 | D:1      | Reached skill level 3 in Axes
   308 | D:1      | Gained mutation: You have a pair of small horns on your
                  | head. [demonic ancestry]
   308 | D:1      | Reached XP level 2. HP: 17/22 MP: 2/2
   519 | D:2      | Noticed Robin
   896 | D:2      | Noticed Natasha
   902 | D:2      | Slain by Natasha

Illustrated notes

Levels and vault maps discovered:
D:1:      scummos_arrival_forest, layout_basic, serial_shops, shop,
          ebering_dispersal_statue_hall
D:2:      layout_rooms, serial_shops, shop, uniq_robin, uniq_natasha

Skill      XL: |  1 |
---------------+----+-----
Axes           | 3 |  3.2
Fighting       | |  2.4
Throwing       | |  1.9
Armour         | |  0.4
Dodging        | |  2.6

Action                   || total
-------------------------++-------
Melee: War axe           ||    29
       Headbutt          ||     4
  Use: Potion            ||     1
Armor: Leather armour    ||     9
Dodge: Dodged            ||    18
